 Dungeon Crawl Stone Soup version 0.29.1-14-g9c671dbff4 (webtiles) character file.

Game seed: 1041364633799995457

1585 Peloso the Carver (level 8, -2/71 HPs)
             Began as a Minotaur Fighter on Feb 14, 2023.
             Was an Initiate of Okawaru.
             Killed from afar by Maggie (17 damage)
             ... with a bolt of fire
             ... on level 6 of the Dungeon.
             The game lasted 00:12:50 (6596 turns).

Peloso the Carver (Minotaur Fighter)                Turns: 6596, Time: 00:12:51

Health: -2/71      AC: 14    Str: 22    XL:     8   Next: 61%
Magic:  7/7        EV: 10    Int:  5    God:    Okawaru [......]
Gold:   38         SH:  5    Dex: 13    Spells: 7/7 levels left

rFire   . . .      SeeInvis .   a - +0 long sword
rCold   . . .      Faith    .   c - +0 buckler
rNeg    . . .      Spirit   .   y - +6 scale mail of Negligence {Dex+2 Slay+2}
rPois   .          Reflect  .   (helmet restricted)
rElec   .          Harm     .   (no cloak)
rCorr   .          Rampage  .   (no gloves)
Will    .....                   (no boots)
Stlth   ..........              (no amulet)
HPRegen 0.21/turn               (no ring)
MPRegen 0.10/turn               (no ring)

@: mesmerised
A: horns 2, retaliatory headbutt
a: Renounce Religion


You were on level 6 of the Dungeon.
You worshipped Okawaru.
Okawaru was noncommittal.
You visited 2 branches of the dungeon, and saw 7 of its levels.

You collected 236 gold pieces.
You spent 198 gold pieces at shops.

Inventory:

Hand Weapons
 a - a +0 long sword (weapon)
Armour
 b - a +0 scale mail
 c - a +0 buckler (worn)
 t - a +0 chain mail
 y - the +6 scale mail of Negligence (worn) {Dex+2 Slay+2}
   (You bought it in a shop on level 3 of the Dungeon)

   Dex:       It affects your dexterity (+2).
   Slay:      It affects your accuracy & damage with ranged weapons and melee
   (+2).
 E - a +4 scale mail of cold resistance
Wands
 e - a wand of light (6)
 f - a wand of iceblast (7)
 v - a wand of charming (9)
Scrolls
 g - 2 scrolls of teleportation
 h - 2 scrolls of poison
 i - a scroll of vulnerability {unknown}
 m - a scroll of brand weapon {unknown}
 o - 4 scrolls of noise {unknown}
 p - a scroll of fear {unknown}
 q - a scroll of magic mapping {unknown}
 r - a scroll of immolation {unknown}
 s - a scroll of enchant armour {unknown}
 w - a scroll of amnesia {unknown}
 x - a scroll of silence {unknown}
 D - 3 scrolls of enchant weapon {unknown}
Potions
 d - 2 potions of might
 j - 2 potions of magic
 k - a potion of invisibility
 l - 3 potions of lignification
 n - a potion of flight
 u - 2 potions of heal wounds
 z - a potion of haste
 A - a potion of ambrosia
 B - 2 potions of mutation {unknown}
 C - 2 potions of curing


   Skills:
 + Level 6.6 Fighting
 + Level 8.0 Long Blades
 + Level 7.6 Armour
 + Level 2.0 Dodging
 + Level 0.8 Stealth
 + Level 5.8 Shields
 + Level 1.4 Evocations


You had 7 spell levels left.
You didn't know any spells.
Your spell library contained the following spells:

 Spells                   Type           Power      Damage    Failure   Level
 Gell's Gravitas          Tloc           0%         N/A       99%         3
 Lesser Beckoning         Tloc           0%         N/A       99%         3
 Teleport Other           Tloc           0%         N/A       99%         3


Dungeon Overview and Level Annotations

Branches:
Dungeon (6/15)             Temple (1/1) D:6

Altars:
Fedhas
Hepliaklqana
Makhleb
Okawaru
Uskayaw
The Shining One

Shops:
D:3 [!(   D:5 [

Annotations:
D:4 2 runed translucent doors, Tali's ghost, amateur DsBe
D:6 5 runed translucent doors, Maggie


Innate Abilities, Weirdness & Mutations

You have a pair of horns on your head.
You reflexively headbutt those who attack you in melee.


Message History

You hit Maggie but do no damage. You headbutt Maggie, but do no damage.
Maggie is lightly wounded.
Maggie casts a spell.
Maggie attempts to bespell you!
You are mesmerised by Maggie!
You hit Maggie.
Maggie is moderately wounded.
Maggie closely misses you.
You feel much better. Maggie closely misses you.
You slash Maggie! Your headbutt misses Maggie.
Maggie is moderately wounded.
Maggie barely misses you.
You slash Maggie! Your headbutt misses Maggie.
Maggie is heavily wounded.
Maggie hits you with a +2 scimitar of flaming.
Maggie burns you.
You hit Maggie.
Maggie is heavily wounded.
You block Maggie's attack.
You slash Maggie!
Maggie is heavily wounded.
Maggie hits you but does no damage.
You hit Maggie but do no damage. You headbutt Maggie, but do no damage.
Maggie is heavily wounded.
Maggie barely misses you. You furiously retaliate!
You headbutt Maggie, but do no damage. You slash Maggie!
Your headbutt misses Maggie.
Maggie is severely wounded.
Maggie hits you with a +2 scimitar of flaming.
Maggie burns you.
You hit Maggie but do no damage.
Maggie is severely wounded.
Maggie points at you and mumbles some strange words.
The bolt of fire hits you!!
* * * LOW HITPOINT WARNING * * *
You hit Maggie.
Maggie is severely wounded.
Maggie casts a spell at you. The bolt of fire hits you!
You die...

#.........8.>.8....#
#####'##...⌠.⌠.....#
####.......#.8.8.8....#
#..#.......#..........#
#..#...(...............
+..'..)................
#..#...................
#..########............
#.....@@..###########..
#............. #..
#..##.....##.. #..
#..##.....# ##..
....#......# #...
.....#........ #...
...>..#..>...... #...
.########....##. #...
#...


You could see Maggie (mesmerising).

Vanquished Creatures
  Grinder (D:6)
  Eustachio (D:5)
  Edmund (D:6)
  A water moccasin (D:6)
  A centaur (D:5)
  2 phantoms
  A bullfrog (D:6)
  2 scorpions
  A necrophage (D:4)
  3 jellies
  5 hounds
  Ijyb (D:5)
  Terence (D:2)
  3 iguanas
  3 gnolls (D:6)
  4 adders
  A white imp (D:5)
  A worm (D:3)
  7 dart slugs
  8 orcs
  7 bats
  8 endoplasms
  2 giant cockroaches
  9 goblins
  8 hobgoblins
  5 jackals
  A quokka (D:4)
  6 ball pythons
  3 frilled lizards
  12 kobolds
  2 rats (D:2)
111 creatures vanquished.

Vanquished Creatures (others)
  An orc (D:3)
  A ball python (D:3)
  2 plants (D:4)
4 creatures vanquished.

Grand Total: 115 creatures vanquished

Notes
Turn   | Place    | Note
-------+----------+-------------------------------------------
     0 | D:1      | Peloso the Minotaur Fighter began the quest for the Orb.
     0 | D:1      | Reached XP level 1. HP: 19/19 MP: 0/0
    12 | D:1      | Noticed an electric eel
   265 | D:1      | Reached XP level 2. HP: 27/27 MP: 1/1
   825 | D:2      | Reached XP level 3. HP: 33/33 MP: 2/2
  1047 | D:2      | Reached skill level 3 in Long Blades
  1068 | D:2      | Reached skill level 1 in Dodging
  1399 | D:2      | Noticed Terence
  1416 | D:2      | Killed Terence
  1417 | D:2      | Reached XP level 4. HP: 13/40 MP: 3/3
  1687 | D:3      | Found Cephumak's Weapon Shop.
  1786 | D:3      | Reached skill level 4 in Long Blades
  2183 | D:3      | HP: 1/40 [orc/iceblast (7)]
  2555 | D:3      | Found Yjapus's Antique Armour Shop.
  2626 | D:3      | Found Kilu's Distillery.
  2794 | D:4      | Noticed a phantom
  2821 | D:4      | Killed a phantom
  2822 | D:4      | Reached XP level 5. HP: 16/47 MP: 4/4
  3164 | D:4      | Reached skill level 5 in Armour
  3361 | D:4      | Reached XP level 6. HP: 55/55 MP: 5/5
  3455 | D:4      | Reached skill level 5 in Fighting
  3455 | D:4      | Reached skill level 5 in Long Blades
  3830 | D:4      | Found a large runed translucent door.
  3830 | D:4      | Found a large runed translucent door.
  3831 | D:4      | Noticed Tali's ghost (amateur DsBe)
  4225 | D:4      | Found a burning altar of Makhleb.
  4338 | D:5      | Entered Level 5 of the Dungeon
  4398 | D:5      | Noticed Eustachio
  4399 | D:5      | Noticed Ijyb
  4773 | D:5      | Reached skill level 5 in Shields
  4773 | D:5      | Reached XP level 7. HP: 60/61 MP: 6/6
  4857 | D:5      | Reached skill level 6 in Long Blades
  4895 | D:5      | Killed Ijyb
  4939 | D:5      | Killed Eustachio
  5283 | D:5      | Found Uwnaypen's Armour Emporium.
  5627 | D:3      | Bought a translucent scale mail for 198 gold pieces
  5627 | D:3      | Identified the +6 scale mail of Negligence {Dex+2 Slay+2}
                  | (You bought it in a shop on level 3 of the Dungeon)
  5822 | D:6      | Found a runed translucent door.
  5822 | D:6      | Noticed a redback
  5827 | D:6      | Found a runed translucent gate.
  5827 | D:6      | Noticed a redback
  5829 | D:6      | Found a runed translucent gate.
  5829 | D:6      | Found a runed translucent gate.
  5831 | D:6      | Noticed a redback
  5838 | D:6      | Found a runed translucent door.
  5870 | D:6      | Found the +9 staff of Olgreb {rPois∞}
  5887 | D:6      | Reached skill level 7 in Long Blades
  5887 | D:6      | Reached XP level 8. HP: 65/70 MP: 7/7
  6052 | D:6      | Found a staircase to the Ecumenical Temple.
  6128 | D:6      | Noticed Grinder
  6128 | D:6      | Paralysed by Grinder for 5 turns
  6135 | Temple   | Entered the Ecumenical Temple
  6138 | Temple   | Reached skill level 1 in Evocations
  6150 | Temple   | Became a worshipper of Warmaster Okawaru
  6219 | D:6      | Noticed Edmund
  6223 | D:6      | Killed Grinder
  6248 | D:6      | Killed Edmund
  6249 | D:6      | Reached skill level 8 in Long Blades
  6574 | D:6      | Identified the +7 war axe of the Inquisitive Friars {holy,
                  | Fly rElec Will- Int+8}
  6580 | D:6      | Noticed Maggie
  6596 | D:6      | Killed from afar by Maggie

Illustrated notes

Levels and vault maps discovered:
D:1:      arrival_aquarium_a, layout_basic, chequers_jeans
D:2:      layout_loops_ring, uniq_terence
D:3:      layout_basic, serial_shops, shop_statue, nicolae_square_shop, shop,
          serial_rivers, chequers_serial_rivers_large_a,
          chequers_serial_rivers_small_3, chequers_serial_rivers_micro_c,
          chequers_serial_rivers_small_b, chequers_serial_rivers_room_b,
          chequers_serial_rivers_large_b
D:4:      layout_gridville, lightli_temple_of_fire, ebering_ghost_disaster_area,
          guppyfry_early_lair_pool
D:5:      layout_rooms, serial_shops, shop, moated_statue, uniq_ijyb,
          uniq_eustachio
D:6:      layout_gridville, minmay_temple_entry_statues_fountains,
          chequers_decorated_corner, skrybe_limestone_x,
          minmay_guarded_unrand_staff_of_olgreb, uniq_grinder, uniq_maggie,
          uniq_edmund
Temple:   nicolae_temple_bog_church

Skill      XL: |  1  2  3  4  5  6  7  8 |
---------------+-------------------------+-----
Fighting       | 4 5 6 |  6.6
Armour         | 4 5 7 |  7.6
Long Blades    | 3 4 5 7 8 |  8.0
Dodging        | 1 2 |  2.0
Shields        | 4 5 |  5.8
Evocations     | 1 |  1.4
Stealth        | |  0.8

Action                   |  1- 3 |  4- 6 |  7- 9 || total
-------------------------+-------+-------+-------++-------
Melee: Long sword        |    92 |   137 |   106 ||   335
       Headbutt          |    14 |    19 |    25 ||    58
Evoke: Wand              |       |     2 |    10 ||    12
  Use: Scroll            |     3 |     4 |     3 ||    10
       Potion            |     2 |     1 |     1 ||     4
Armor: Scale mail        |    47 |    18 |    20 ||    85
       Chain mail        |       |    68 |    32 ||   100
Dodge: Dodged            |    63 |    50 |    46 ||   159
Block: Buckler           |    24 |    42 |    33 ||    99
